 Dungeon Crawl Stone Soup version 0.24-a0-631-g346d576 (console) character file.

Game seed: 15385720849423431925, levelgen mode: deterministic

82 vegansnacktivist the Sneak (level 4, 0/27 HPs)
             Began as an Octopode Earth Elementalist on Sept 21, 2019.
             Slain by Edmund
             ... wielding a +1 dire flail of crushing
              (5 damage)
             ... on level 4 of the Dungeon.
             The game lasted 00:03:12 (2804 turns).

vegansnacktivist the Sneak (OpEE)                   Turns: 2804, Time: 00:03:12

Health: 0/27       AC:  1    Str:  7    XL:     4   Next: 43%
Magic:  1/7        EV: 13    Int: 18    God:
Gold:   123        SH:  0    Dex: 12    Spells: 1/7 levels left

rFire    . . .     SeeInvis .   a - +0 dagger
rCold    . . .     Gourm    .   (no shield)
rNeg     . . .     Faith    .   (helmet restricted)
rPois    .         Spirit   .   (no amulet)
rElec    .         Reflect  .   (no ring)
rCorr    .         Harm     .   (no ring)
MR       .....                  (no ring)
Stlth    ++++......             (no ring)
HPRegen  0.09/turn              (no ring)
MPRegen  0.10/turn              (no ring)
                                (no ring)
                                (no ring)

@: no status effects
A: almost no armour, stealthy swim, amphibious, 8 rings, constrict 8, camouflage
1, gelatinous body 1
a: no special abilities


You were on level 4 of the Dungeon.
You were not hungry.

You visited 1 branch of the dungeon, and saw 4 of its levels.

You collected 123 gold pieces.

Inventory:

Hand Weapons
 a - a +0 dagger (weapon)
Missiles
 b - 71 stones
 h - 31 poisoned darts (quivered)
 p - 4 atropa-tipped darts
Scrolls
 d - 3 scrolls of identify {unknown}
 f - a scroll of teleportation {unknown}
 g - 4 scrolls of fear {unknown}
 i - 3 scrolls of enchant armour {unknown}
 j - 2 scrolls of amnesia {unknown}
 m - 2 scrolls of remove curse {unknown}
 q - a scroll of fog {unknown}
 s - a scroll of enchant weapon {unknown}
Potions
 l - a potion of berserk rage {unknown}
 n - a potion of brilliance {unknown}
 o - a potion of invisibility {unknown}
Comestibles
 c - 8 rations
 r - 2 chunks of flesh


   Skills:
 - Level 2.0 Dodging
 + Level 6.5 Stealth
 - Level 2.0 Spellcasting
 - Level 1.0 Transmutations
 - Level 3.0 Earth Magic


You had one spell level left.
You knew the following spells:

 Your Spells              Type           Power        Failure   Level  Hunger
a - Sandblast             Erth           ##....       5%          1    #......
b - Passwall              Tmut/Erth      #.......     12%         2    ###....
c - Stone Arrow           Conj/Erth      #.....       28%         3    ###....

Your spell library contained the following spells:

 Spells                   Type           Power        Failure   Level  Hunger
 Petrify                  Tmut/Erth      #.......     61%         4    #####..
 Lee's Rapid Deconstruct  Erth           ##........   82%         5    ######.


Dungeon Overview and Level Annotations

Branches:
Dungeon (4/15)
 Temple: D:4-7

Altars:
Makhleb
Ru

Annotations:
D:4 Edmund


Innate Abilities, Weirdness & Mutations

You cannot wear most types of armour.
You are very stealthy in the water. (Stealth+)
You are amphibious.
You can wear up to eight rings at the same time.
You can use your tentacles to constrict eight enemies at once.
Your skin changes colour to match your surroundings (Stealth+).
Your rubbery body absorbs attacks. (AC +1, EV +1)


Message History

Throwing (i - inventory. (/) - cycle)
h - 33 poisoned darts (quivered)
Press: ? - help, Shift-Dir - straight line, f/p - Edmund
Aim: Edmund, wielding a +1 dire flail of crushing and wearing a +2 scale mail of magic resistance (heavily wounded, constricted by you, poisoned)
You throw a poisoned dart. The poisoned dart hits Edmund.
Edmund is heavily wounded.
You constrict Edmund, but do no damage. Edmund barely misses you.
Throwing (i - inventory. (/) - cycle)
h - 32 poisoned darts (quivered)
Press: ? - help, Shift-Dir - straight line, f/p - Edmund
Aim: Edmund, wielding a +1 dire flail of crushing and wearing a +2 scale mail of magic resistance (heavily wounded, constricted by you, poisoned)
You throw a poisoned dart. The poisoned dart hits Edmund.
Edmund looks even sicker.
Edmund is heavily wounded.
You constrict Edmund, but do no damage.
Edmund hits you with a +1 dire flail of crushing!
* * * LOW HITPOINT WARNING * * *
It was a potion of heal wounds.
You feel much better.
You constrict Edmund.
Edmund hits you with a +1 dire flail of crushing!
Ouch! That really hurt!
* * * LOW HITPOINT WARNING * * *
You die...

..# ... ###
..####... ....
.......#
.#..###......#
..?.........#
............##
#....@......#
.#.....@.....#
.............#
............>#
.###...<...#...
a............#.
######.........
#####..#..
#.##. .#


You could see Edmund.

Vanquished Creatures
  An adder (D:3)
  An ooze (D:1)
  3 dart slugs
  3 leopard geckos
  2 ball pythons
  8 bats
  10 goblins
  8 hobgoblins
  4 jackals (D:1)
  8 kobolds
  2 quokkas (D:3)
  2 frilled lizards
  3 rats
55 creatures vanquished.

Notes
Turn   | Place    | Note
-------+----------+-------------------------------------------
     0 | D:1      | vegansnacktivist the Octopode Earth Elementalist began the
                  | quest for the Orb.
     0 | D:1      | Reached XP level 1. HP: 11/11 MP: 3/3
   102 | D:1      | Reached skill level 3 in Stealth
   190 | D:1      | Reached XP level 2. HP: 11/17 MP: 1/5
   203 | D:1      | Reached skill level 4 in Stealth
   422 | D:1      | Reached skill level 5 in Stealth
   422 | D:1      | Reached XP level 3. HP: 17/21 MP: 2/6
  1182 | D:2      | Learned a level 2 spell: Passwall
  1186 | D:2      | Learned a level 3 spell: Stone Arrow
  1535 | D:2      | Found a sacrificial altar of Ru.
  1632 | D:3      | Reached skill level 6 in Stealth
  1632 | D:3      | Reached XP level 4. HP: 22/27 MP: 7/7
  2004 | D:3      | Found a burning altar of Makhleb.
  2004 | D:3      | Noticed an Executioner
  2007 | D:3      | Noticed a neqoxec
  2007 | D:3      | Noticed an orange demon
  2790 | D:4      | Noticed Edmund
  2804 | D:4      | Slain by Edmund

Levels and vault maps discovered:
D:1:      minmay_arrival_nine_rooms, layout_rooms
D:2:      layout_basic, first_ration, hangedman_ru_absence
D:3:      layout_loops_ring, makhleb_altar_promises_db
D:4:      old_forge, layout_rooms, serial_shops, shop, uniq_edmund

Skill      XL: |  1  2  3 |
---------------+----------+-----
Stealth        | 3 5 6 |  6.5
Dodging        | |  2.0
Spellcasting   | |  2.0
Transmutations | |  1.0
Earth Magic    | |  3.0

Action                   |  1- 3 |  4- 6 || total
-------------------------+-------+-------++-------
Melee: Unarmed           |    38 |       ||    38
       Constrict         |    21 |     6 ||    27
       Tentacles         |    17 |     1 ||    18
       Dagger            |    52 |    17 ||    69
Throw: Dart              |       |     4 ||     4
 Cast: Sandblast         |    16 |     9 ||    25
       Stone Arrow       |       |     2 ||     2
  Use: Potion            |       |     3 ||     3
 Stab: Sleeping          |    13 |     3 ||    16
  Eat: Chunk             |     2 |     4 ||     6
Armor: Skin              |    16 |     2 ||    18
Dodge: Dodged            |    65 |    20 ||    85

Table legend:
 A = Non-vault XP
 B = Vault XP
 C = Vault XP percentage of total XP
 D = Non-vault monster count
 E = Vault monster count
 F = Vault count percentage of total count
                 A         B        C        D         E       F
            +---------+---------+-------+---------+---------+-------
      Total |     118 |       0 |   0.0 |      55 |       0 |   0.0
            +---------+---------+-------+---------+---------+-------
        D:1 |      40 |       0 |   0.0 |      19 |       0 |   0.0
        D:2 |      37 |       0 |   0.0 |      22 |       0 |   0.0
        D:3 |      41 |       0 |   0.0 |      14 |       0 |   0.0
            +---------+---------+-------+---------+---------+-------
